Cogmind - Beta 13 @@@ ROGUE MODE // 2024.03.17 @ 18:23:09 Player: opdo Result: Self-destructed Performance ------------- Evolutions (1) 500 Regions Visited (2) 400 Robots Destroyed (0) 0 Value Destroyed (0) 0 Prototype IDs (0) 0 Alien Tech Used (0) 0 Bonus (200) 200 TOTAL SCORE: 1100 Bonus ------- Pacifist 200 Cogmind --------- Core Integrity 394/400 Matter 133/300 Energy 234/250 System Corruption 0% Temperature Warm (132) Movement Hovering (126) Ox1 Location -9/Materials Parts ------- > --- POWER (1) -------- Ion Engine > --- PROPULSION (3) --- Aluminum Leg Hover Unit Hover Unit > --- UTILITY (3) ------ Small Storage Unit > --- WEAPON (2) ------- Spread Laser Spread Laser > --- INVENTORY (8) ---- Aluminum Leg Small Laser Assault Rifle Light Assault Rifle Peak State ------------ > --- POWER ------------ Ion Engine > --- PROPULSION ------- Aluminum Leg Hover Unit Hover Unit > --- UTILITY ---------- Small Storage Unit > --- WEAPON ----------- Spread Laser Spread Laser > --- INVENTORY -------- Aluminum Leg Small Laser Assault Rifle Light Assault Rifle [Rating: 9] Favorites ----------- Power Ion Engine Engine Ion Engine Propulsion Aluminum Leg Leg Aluminum Leg Hover Unit Hover Unit Utility Small Storage Unit Storage Small Storage Unit Weapon Spread Laser Energy Gun Spread Laser Ballistic Gun Light Assault Rifle Build | -11 -10 -9 ------- Run | Yrd Mat Mat Slots Evolved 2 | . . 2 Power . | . . . Propulsion 1 | . . 1 Utility 1 | . . 1 Weapon . | . . . Parts Attached 11 | 6 . 5 Power 1 | 1 . . Engine 1 | 1 . . Core . | . . . Reactor . | . . . Propulsion 4 | 2 . 2 Treads . | . . . Leg 2 | 2 . . Wheel . | . . . Hover 2 | . . 2 Flight . | . . . Utility 1 | 1 . . Device . | . . . Storage 1 | 1 . . Processor . | . . . Hackware . | . . . Protection . | . . . Artifact . | . . . Weapon 5 | 2 . 3 Energy Gun 3 | . . 3 Energy Cannon . | . . . Ballistic Gun 2 | 2 . . Ballistic Cannon . | . . . Launcher . | . . . Special Weapon . | . . . Impact Weapon . | . . . Slashing Weapon . | . . . Piercing Weapon . | . . . Special Melee Weapon . | . . . Unidentified Prototypes . | . . . Parts Lost . | . . . Power . | . . . Propulsion . | . . . Utility . | . . . Weapon . | . . . Highest Loss Streak . | . . . To Critical Strikes . | . . . Average Slot Usage (%) 79 | . 85 74 Engine 12 | . 14 11 Leg 19 | . 28 13 Hover 10 | . . 17 Storage 12 | . 14 11 Energy Gun 9 | . . 16 Ballistic Gun 14 | . 28 5 Naked Turns . | . . . Heaviest Build 16 | 13 13 16 Greatest Support 20 | 20 20 20 Greatest Overweight (x) 1 | 1 . 1 Average Overweight (x) . | . . . Largest Inventory Capacity 8 | 8 8 8 Average Capacity 7 | 6 8 8 Most Carried 4 | 4 1 4 Average Carried 2 | 1 1 3 Final Capacity 8 | 8 8 8 Final Carried 4 | 1 1 4 Class Distribution -------------------- 100% | Mutant Dominant Class ---------------- Mutant | -10/Materials Mutant | -9/Materials Resources | -11 -10 -9 ----------- Run | Yrd Mat Mat Matter Collected 151 | 151 . . Remotely . | . . . Salvage Created . | . . . Parts . | . . . Haulers Intercepted . | . . . Recyclers Shooed . | . . . Parts Field Recycled . | . . . Retrieved Matter . | . . . Parts Self-Destructed . | . . . Prevented . | . . . Kills | -11 -10 -9 ------- Run | Yrd Mat Mat Combat Hostiles Destroyed . | . . . Classes Destroyed . | . . . Best Kill Streak . | . . . Combat Bots Only . | . . . Max Kills in Single Turn . | . . . Gunslinging . | . . . Exploded . | . . . Melee . | . . . Uniques/NPCs Destroyed . | . . . Combat | -11 -10 -9 -------- Run | Yrd Mat Mat Hostile Shots Fired 15 | . 4 11 Missed 8 | . 4 4 Damage Taken 55 | . . 55 Core 6 | . . 6 Absorbed by Shields . | . . . Core Remaining (%) 100 | 100 100 . Volleys Fired 4 | . 2 2 Largest 2 | . 2 2 Hottest 130 | . 40 130 Shots Fired 8 | . 4 4 Gun 8 | . 4 4 Cannon . | . . . Launcher . | . . . Special . | . . . Kinetic 4 | . 4 . Thermal 4 | . . 4 Explosive . | . . . Electromagnetic . | . . . Robot Hit Streak 2 | . 1 2 Robot Miss Streak 8 | . 2 8 Penetration Max . | . . . Secondary Targets . | . . . Shots Hit Robots 4 | . 1 3 Core Hits 2 | . . 2 Critical Kills . | . . . Critical Parts Destroyed . | . . . Critical Strikes . | . . . Melee Attacks . | . . . Impact . | . . . Slashing . | . . . Piercing . | . . . Sneak Attacks . | . . . Combat Hostiles . | . . . Follow-up Attacks . | . . . Damage Inflicted 33 | . 9 24 Guns 33 | . 9 24 Cannons . | . . . Explosions . | . . . Melee . | . . . Ramming . | . . . Kinetic 9 | . 9 . Thermal 24 | . . 24 Explosive . | . . . Electromagnetic . | . . . Impact . | . . . Slashing . | . . . Piercing . | . . . Highest Corruption . | . . . Average Corruption . | . . . Corruption Purged . | . . . Corruption Blocked . | . . . Overload Shots . | . . . Overflow Damage . | . . . Projectiles . | . . . Explosions . | . . . Melee . | . . . Knockbacks . | . . . Impact . | . . . Kinetic . | . . . Secondary . | . . . Self-Inflicted Damage . | . . . Shots . | . . . Rammed . | . . . Targets Rammed . | . . . Kicked . | . . . Crushed . | . . . Highest Temperature 132 | . . 132 Average Temperature 77 | . . 77 Received Heat Transfer . | . . . Siege Activations . | . . . Robots Corrupted . | . . . Combat Hostiles . | . . . Parts Fried . | . . . Impact Corruptions . | . . . Robots Melted . | . . . Combat Hostiles . | . . . Parts Melted . | . . . Heat Transferred 30 | . . 30 Parts Sabotaged . | . . . Parts Stolen . | . . . Parts Stripped . | . . . Power Chain Reactions . | . . . Alert | -11 -10 -9 ------- Run | Yrd Mat Mat Peak Influence 16 | . 5 16 Initial 1 | . . 1 Average 1 | . 1 2 Maximum Alert Level . | . . . Low Security (%) 100 | 100 100 100 Level 1 . | . . . Level 2 . | . . . Level 3 . | . . . Level 4 . | . . . Level 5 . | . . . High Security . | . . . Max Security . | . . . Squads Dispatched 1 | . . 1 Investigation . | . . . Extermination . | . . . Reinforcement 1 | . . 1 Assault . | . . . Garrison . | . . . Intercept . | . . . Searches Triggered . | . . . Construction Impeded . | . . . Haulers Reinforced . | . . . Active Scanning Responses . | . . . Cargo Convoy Interrupts . | . . . Stealth | -11 -10 -9 --------- Run | Yrd Mat Mat Distress Signals 2 | . 1 1 Communications Jammed . | . . . Distress Signals . | . . . Times Spotted 9 | . 3 6 Peak Tracking Total 7 | . 2 7 Tactical Retreats . | . . . Traps | -11 -10 -9 ------- Run | Yrd Mat Mat Traps Triggered . | . . . Indirectly . | . . . Trap Hack Attempts . | . . . Triggered . | . . . Disarmed . | . . . Reprogrammed . | . . . Reused . | . . . Traps Extracted . | . . . Installed . | . . . Triggered . | . . . Machines | -11 -10 -9 ---------- Run | Yrd Mat Mat Machines Disabled . | . . . Max in Single Turn . | . . . Machines Repaired . | . . . Machines Dismantled . | . . . Machines Sabotaged . | . . . Overloaded Fab Kills . | . . . Hacking | -11 -10 -9 --------- Run | Yrd Mat Mat Machines Accessed 2 | . 1 1 Terminals 2 | . 1 1 Fabricators . | . . . Repair Stations . | . . . Recycling Units . | . . . Scanalyzers . | . . . Garrison Access . | . . . Total Hacks 3 | . 1 2 Successful 1 | . 1 . Failed 2 | . . 2 Catastrophic . | . . . Database Lockouts . | . . . Manual 3 | . 1 2 Terminals 3 | . 1 2 Fabricators . | . . . Repair Stations . | . . . Recycling Units . | . . . Scanalyzers . | . . . Garrison Access . | . . . Terminal Hacks 1 | . 1 . Zone Layout 1 | . 1 . Fabricator Hacks . | . . . Repair Station Hacks . | . . . Recycling Unit Hacks . | . . . Scanalyzer . | . . . Garrison Access Hacks . | . . . Unauthorized Hacks . | . . . Terminals . | . . . Fabricators . | . . . Repair Stations . | . . . Recycling Units . | . . . Scanalyzers . | . . . Garrison Access . | . . . Data Cores Recovered . | . . . Used . | . . . Hacking Detections 1 | . . 1 Full Trace Events . | . . . Feedback Events . | . . . Feedback Blocked . | . . . Robot Schematics Acquired . | . . . Robots Built . | . . . Authchips . | . . . Time . | . . . Total Robot Build Rating . | . . . Part Schematics Acquired . | . . . Parts Built . | . . . Authchips . | . . . Time . | . . . Total Part Build Rating . | . . . Parts Repaired . | . . . Time . | . . . Parts Recycled . | . . . Recycled Matter . | . . . Retrieved Matter . | . . . Retrieved Components . | . . . Parts Scanalyzed . | . . . Part Schematics Acquired . | . . . Parts Damaged . | . . . Bothacking | -11 -10 -9 ------------ Run | Yrd Mat Mat Used RIF Installer . | . . . Robots Hacked . | . . . Non-combat . | . . . Combat . | . . . Robot Hacks Applied . | . . . Relay Couplers Released . | . . . Fabnet Peak Effective % . | . . . Robots Rewired . | . . . Allies Hacked . | . . . Hacks Repelled . | . . . Allies | -11 -10 -9 -------- Run | Yrd Mat Mat Total Allies . | . . . Largest Group . | . . . Highest-Rated Group . | . . . Highest-Rated Ally . | . . . Total Orders . | . . . Ally Attacks . | . . . Total Damage . | . . . Kills . | . . . Allies Corrupted . | . . . Allies Melted . | . . . Intel | -11 -10 -9 ------- Run | Yrd Mat Mat Robot Analysis Total . | . . . Derelict Logs Recovered . | . . . Drone Launches . | . . . Drone Recoveries . | . . . Exploration | -11 -10 -9 ------------- Run | Yrd Mat Mat Turns Passed 228 | 57 71 100 Spaces Moved 162 | 41 55 66 Core 16 | 16 . . Treads . | . . . Legs 88 | 25 55 8 Wheels . | . . . Hover 58 | . . 58 Flight . | . . . Fastest Speed 50 | 50 120 120 Average Speed 119 | 109 120 125 Slowest Speed 126 | 120 120 126 Overloaded Moves . | . . . Propulsion Burnouts . | . . . Robots Hopped . | . . . Cave-ins Triggered . | . . . Exploration Rate (%) 11 | 5 19 9 Regions Visited 2 Branch Regions . Pre-discovered Areas . | . . . Known Exits Taken . | . . . Unknown Exits Taken 2 | 1 1 . Scrap Searched . | . . . Spaces Dug . | . . . Terrain Destroyed . | . . . Melee . | . . . Projectile . | . . . AOE . | . . . Terrain Rammed . | . . . Walls Destroyed . | . . . Machines Disabled . | . . . Actions | -11 -10 -9 --------- Run | Yrd Mat Mat Total 186 | 53 56 77 Wait . | . . . Move 160 | 40 54 66 Hop . | . . . Pick Up 11 | 7 . 4 Fast Attach . | . . . Attach 7 | 6 . 1 Detach . | . . . Swap 4 | . . 4 Drop . | . . . Fire 4 | . 2 2 Melee . | . . . Ram . | . . . Kick . | . . . Crush . | . . . Escape Stasis . | . . . Rewire . | . . . Trap . | . . . Miscellaneous . | . . . Route ------- -11/Scrapyard -10/Materials (discovered 2 exits: *Mat / [Min]) -9/Materials History --------- Turn | Location | Event 20 | -11/Scrapyard | Discovered new exit (range 15) 58 | -11/Scrapyard | Entered Materials 103 | -10/Materials | Discovered new exit (range 18) 103 | -10/Materials | Discovered new exit (range 19) 129 | -10/Materials | Entered another Materials area 129 | -9/Materials | Evolved 2 slots: Propulsion x1, Utility x1 229 | -9/Materials | Self-destructed Last Messages --------------- Retrieving Zone 1V layout... Downloaded map data. 00104_ Terminal disabled. PARAMETERS=PROPULSION+1,UTILITY+1 LOCATION=UNKNOWN GOAL=ESCAPE 00138_ Acquired Hover Unit. 00145_ Acquired Spread Laser. 00195_ Connecting with Recycling Unit... 00195_ Current location identified: Materials 00221_ O-16 Technician sends out distress signal. 00221_ O-16 Technician: "IFF HANDSHAKE FAILED. SECURING TERMINAL." 00222_ Connecting with Terminal... 00227_ O-16 Technician uses terminal to summon reinforcements. 00227_ ALERT: Hostiles spotted, dispatching reinforcements to Terminal M008. 00227_ O-16 Technician locks terminal. Map ----- +----------------------------------------------------+ | ?????????????????????????????????????????????????? | | ?????????????????????????????????????????????????? | | ?????????????????????????????????????????????????? | | ?????????????????????????????????????????????????? | | ?????????????????????????????????????????????????? | | ?????????????????????????????????????????????????? | | ?????????????????????????????????????????????????? | | ?????????????????????????????????????????????????? | | ?????????????????????????????????????????????????? | | ?????????????????????????????????????????????????? | | ???????? ??????????????????????????????????????? | | ???????# #?????????????????????????????????????? | | ???????# #?????????????????????????????????????? | | ???????# #?????????????????????????????????????? | | ???????# #???????????????###???????????????????? | | ???????# #??????????????? ????????????????????? | | ???????+ #??????????????? ????????????????????? | | ???????# #?????????????? ????????????????????? | | ???????# +?????????????? ?????????????????????? | | ???????# #?????????????? ?????????????????????? | | ???????# ##########????? #?????????????????????? | | ######## # #????? #?????????????????????? | | # # #??### ###???????????????????? | | """ # # #??# #???????????????????? | | "Y" # # #### /#???????????????????? | | " " + + + @T #???????????????????? | | # # #### o #???????????????????? | | "" # # ] #??# #???????????????????? | | "" # # #??## ##???????????????????? | | "" # # #???# #????????????????????? | | ######## ##########???# #????????????????????? | | ???????# #????????????# #????????????????????? | | ???????# #????????????# #????????????????????? | | ???????# #????????????# #????????????????????? | | ???????# #????????????? #????????????????????? | | ???????# ########?????? #????????????????????? | | ######## # !!!#?????? #????????????????????? | | # # # !!!#??????s #????????????????????? | | # # # !! #?????? ss#????????????????????? | | # ! + + #?????? g ????????????????????? | | # !! # # #?????? s?????????????????????? | | # ! # # ! #??????????????????????????????? | | # # ########??????????????????????????????? | | ############?????????????????????????????????????? | | ?????????????????????????????????????????????????? | | ?????????????????????????????????????????????????? | | ?????????????????????????????????????????????????? | | ?????????????????????????????????????????????????? | | ?????????????????????????????????????????????????? | | ?????????????????????????????????????????????????? | +----------------------------------------------------+ Best States ------------- Heat Dissipation 28 Energy Generation 10 Energy Capacity 250 Matter Stores 191 Matter Capacity 300 Sight Range 16 Terrain Scan Density 10 Evasion (%) 55 Item Schematics ----------------- None Robot Schematics ------------------ None Fabricated ------------ Nothing Alien Tech Used ----------------- None Achievements -------------- None Challenges ------------ None Game ------ Seed SegregatorChargeAmplifier Manual? 0 Play Time 00:03:42 Cumulative 10.8 hours Start 2024.03.17 @ 18:20:35 End 2024.03.17 @ 18:23:09 Sessions 1 Manual Loads 0 Difficulty Rogue Special Mode None Game No. 29 Rogue 27 Adventurer 2 Explorer 0 Win Type - Total 0 Types 0/0/0/0/0/0/0/0/0 Lore% 16 Gallery% 25 Achievement% 15 Wizard Run 0 Options --------- Layout 1 ASCII 0 Keyboard 0 Movement Arrows Keybinds 0 Fullscreen 1 Font 24/Smallcaps Map View 50x35 Zoom Use 0% Tactical HUD 1 Map Filters NONE Filters NONE Steam 1 RUN: 7bb1db6a-f232-431e-9daf-cb000eb11d01